 Dungeon Crawl Stone Soup version 0.29.1-2-gbd0b4ee654 (webtiles) character file.

Game seed: 12240531841221211302

7182 xian the Schismatic (level 10, -1/80 HPs)
             Began as a Demonspawn Abyssal Knight on Nov 13, 2022.
             Was an Elder of Lugonu.
             Slain by a death yak (11 damage)
             ... on level 8 of the Dungeon.
             The game lasted 00:28:52 (11574 turns).

xian the Schismatic (Demonspawn Abyssal Knight)    Turns: 11574, Time: 00:28:53

Health: -1/80      AC: 15    Str: 20    XL:     10   Next: 86%
Magic:  5/18       EV:  9    Int: 12    God:    Lugonu [****..]
Gold:   282        SH:  0    Dex: 13    Spells: 9/9 levels left

rFire   x . .      SeeInvis .   I - +1 dagger (venom)
rCold   . . .      Faith    .   (no shield)
rNeg    . . .      Spirit   .   c - +0 chain mail
rPois   +          Reflect  .   (helmet restricted)
rElec   .          Harm     .   z - +0 cloak
rCorr   +          Rampage  .   (no gloves)
Will    +....                   j - +0 pair of boots
Stlth   ..........              (no amulet)
HPRegen 1.23/turn               D - ring "Nyingup" {rPois rF- Will+ rCorr Str-4}
MPRegen 0.16/turn               n - +6 ring of strength

@: about to teleport
A: horns 1, rugged brown scales 2, powered by death 1, spiny 2
a: Renounce Religion, Depart the Abyss, Bend Space, Banish, Corrupt


You were on level 8 of the Dungeon.
You worshipped Lugonu.
Lugonu was greatly pleased with you.
You visited 1 branch of the dungeon, and saw 8 of its levels.
You visited the Abyss 1 time.
You also visited: Sewer.

You collected 282 gold pieces.

Inventory:

Hand Weapons
 A - a +3 quarterstaff of chaos
 I - a +1 dagger of venom (weapon)
Missiles
 a - 2 curare-tipped darts
 g - 15 poisoned darts (quivered)
 J - 6 boomerangs
Armour
 c - a +0 chain mail (worn)
 j - a +0 pair of boots (worn)
 z - a +0 cloak (worn)
Magical Staves
 k - a staff of death
 l - a staff of conjuration
Jewellery
 e - a ring of protection from fire
 n - a +6 ring of strength (right hand)
 o - a ring of poison resistance
 D - the ring "Nyingup" (left hand) {rPois rF- Will+ rCorr Str-4}
   (You found it on level 5 of the Dungeon)

   [ring of willpower]

   Str:       It affects your strength (-4).
   rF:        It makes you vulnerable to fire.
   rPois:     It protects you from poison.
   rCorr:     It protects you from acid and corrosion.
   Will:      It increases your willpower.
 K - a +4 ring of evasion
 L - a ring of magical power
Wands
 q - a wand of charming (13)
 v - a wand of iceblast (9)
Scrolls
 b - a scroll of silence
 d - 2 scrolls of teleportation
 f - a scroll of enchant weapon
 i - a scroll of magic mapping
 r - a scroll of blinking {unknown}
 w - 2 scrolls of fear {unknown}
 y - 2 scrolls of torment {unknown}
 B - 3 scrolls of amnesia
 F - a scroll of immolation
 G - a scroll of enchant armour
 H - a scroll of brand weapon
Potions
 h - a potion of cancellation
 m - a potion of lignification {unknown}
 p - 3 potions of attraction {unknown}
 s - a potion of brilliance {unknown}
 t - a potion of experience {unknown}
 u - 2 potions of degeneration {unknown}
 x - 2 potions of mutation {unknown}
 C - a potion of invisibility {unknown}
 E - 5 potions of curing


   Skills:
 + Level 6.5 Fighting
 + Level 7.6 Short Blades
 + Level 4.2 Throwing
 + Level 8.5 Armour
 + Level 3.0 Dodging
 + Level 1.1 Stealth
 * Level 10.8 Invocations


You had 9 spell levels left.
You didn't know any spells.
Your spell library contained the following spells:

 Spells                   Type           Power      Damage    Failure   Level
 Fulminant Prism          Conj/Hex       0%         3d6       100%        4
 Iskenderun's Mystic Bla  Conj/Tloc      0%         2d3       100%        4
 Lee's Rapid Deconstruct  Erth           0%         3d5*      100%        5


Dungeon Overview and Level Annotations

Branches:
Dungeon (8/15)             Temple (0/1) D:5            Lair (0/5) D:8
  Sewer (visited)

Altars:
Dithmenos
Hepliaklqana
Kikubaaqudgha
Qazlal
Trog
Wu Jian
Xom
Yredelemnul

Annotations:
D:3 3 runed translucent doors, xian's ghost, amateur DsWn
Abyss:1 Blork the orc; Maggie


Innate Abilities, Weirdness & Mutations

You have a pair of small horns on your head.
You are mostly covered in rugged brown scales. (AC +2, +5% HP)
You regenerate a little health from kills.
You are mostly covered in sharp spines.


Message History

Unknown command.
You hit the death yak but do no damage.
The death yak is almost dead.
The death yak gores you!
The yak snorts and paws the ground.
Unknown command.
You hit the death yak.
The death yak looks as sick as possible!
You headbutt the death yak.
The death yak is almost dead.
You hit the death yak but do no damage.
The death yak looks as sick as possible!
You headbutt the death yak.
You kill the death yak!
Lugonu accepts your kill.
Your Dodging skill increases to level 3!
Press: ? - help, Shift-Dir - straight line, f - death yak
Aim: a death yak (lightly wounded, chance to affect: 23%)
The death yak resists with almost no effort.
The death yak gores you!
* * * LOW HITPOINT WARNING * * *
Press: ? - help, Shift-Dir - straight line, f/p - death yak
Aim: a death yak (lightly wounded, chance to affect: 23%)
The death yak resists with almost no effort.
You can no longer gate yourself to the Abyss.
The death yak gores you but does no damage.
Unknown command.
Press: ? - help, Shift-Dir - straight line, f/p - death yak
Aim: a death yak (chance to affect: 23%)
The death yak resists with almost no effort.
The death yak gores you.
* * * LOW HITPOINT WARNING * * *
Unknown command.
Press: ? - help, Shift-Dir - straight line, f/p - death yak
Aim: a death yak (chance to affect: 23%)
Okay, then.
As you read the scroll of teleportation, it crumbles to dust.
You feel strangely unstable. The death yak is struck by your spines.
The death yak gores you!
You die...

.................# #...#
.................# #.###
.................##########.#
.................##.....##..#
.................##........##
.................##......###
.................##......###
.............)...#####.....#
................@##...Y###.#
##..#........####YYY((.....#
##.#........# #Y##.......#
#..........# #..#.....YY#
###..#.....# #..........#
##.#.....# #.....#....#
#.'.....# #..#.....Y##
###.....# #....>..Y.# #.....#
##......Y..#


You could see a death yak and 3 yaks.

Vanquished Creatures
  2 death yaks (D:8)
  The ghost of cdecastro the Fighter, a novice OgBe of Trog (D:5)
  A kobold demonologist (D:8)
  Prince Ribbit (D:6)
  Grinder (D:4)
  A yak (D:7)
  A wraith (D:7)
  Eustachio (D:4)
  A steam dragon (D:7)
  Menkaure (D:6)
  Edmund (D:5)
  2 acid dragons (D:8)
  A black bear (D:8)
  2 orc warriors
  2 ice beasts
  2 sky beasts (D:7)
  3 ogres
  2 phantoms
  4 centaurs
  4 kobold brigands
  2 bullfrogs
  2 necrophages (D:4)
  2 gnoll sergeants (D:7)
  2 scorpions
  A killer bee (D:8)
  3 howler monkeys
  A gnoll bouda (D:8)
  3 hounds
  4 jellies
  An orc priest (D:8)
  Crazy Yiuf (D:4)
  4 iguanas
  Natasha (thrice) (D:2)
  3 orc wizards (D:7)
  12 adders
  17 gnolls
  2 river rats (Sewer)
  6 worms
  4 dart slugs
  28 orcs
  4 ball pythons
  8 endoplasms
  8 goblins
  5 hobgoblins
  A quokka (D:1)
  7 bats
  9 frilled lizards
  17 kobolds
  15 rats
209 creatures vanquished.

Vanquished Creatures (others)
  A gnoll bouda (D:8)
  2 fungi (D:4)
  2 plants (D:4)
5 creatures vanquished.

Grand Total: 214 creatures vanquished

Notes
Turn   | Place    | Note
-------+----------+-------------------------------------------
     0 | Abyss:1  | xian the Demonspawn Abyssal Knight began the quest for the
                  | Orb.
     0 | Abyss:1  | Reached XP level 1. HP: 18/18 MP: 2/2
    16 | Abyss:2  | Found a corrupted altar of Lugonu.
    54 | Abyss:2  | Noticed a large abomination
   114 | Abyss:3  | Noticed an ancient zyme
   134 | Abyss:3  | Noticed a ynoxinul
   162 | Abyss:4  | Noticed a spriggan defender skeleton
   174 | Abyss:5  | Found an ornate altar of the Wu Jian Council.
   176 | Abyss:5  | Noticed a blink frog
   176 | Abyss:5  | Noticed a blink frog
   177 | Abyss:5  | Noticed a blink frog
   177 | Abyss:5  | Noticed a mad acolyte of Lugonu
   177 | Abyss:5  | Noticed a blink frog
   191 | Abyss:5  | Found a corrupted altar of Lugonu.
   194 | Abyss:5  | Noticed a merfolk avatar
   196 | Abyss:5  | Noticed a red draconian
   196 | Abyss:5  | Noticed a mad acolyte of Lugonu
   196 | Abyss:5  | Noticed a tentacled starspawn
   196 | Abyss:5  | Noticed a tentacled starspawn
   197 | D:1      | Escaped the Abyss
   453 | D:1      | Reached ** piety under Lugonu
   664 | D:1      | Gained mutation: You are partially covered in sharp spines.
                  | [demonic ancestry]
   664 | D:1      | Reached XP level 2. HP: 20/24 MP: 3/3
  1247 | D:2      | Gained mutation: You regenerate a little health from kills.
                  | [demonic ancestry]
  1247 | D:2      | Reached XP level 3. HP: 7/30 MP: 4/4
  1585 | D:2      | Gained mutation: You are partially covered in rugged brown
                  | scales. (AC +1, +3% HP) [demonic ancestry]
  1585 | D:2      | Reached XP level 4. HP: 30/38 MP: 5/5
  1677 | D:2      | Noticed Natasha
  1686 | D:2      | Killed Natasha
  1800 | D:2      | Reached skill level 1 in Throwing
  1800 | D:2      | Reached skill level 1 in Dodging
  1874 | D:2      | Reached XP level 5. HP: 43/43 MP: 6/6
  1983 | D:2      | Noticed Natasha
  1994 | D:2      | Killed Natasha
  1995 | D:2      | Reached skill level 3 in Invocations
  2045 | D:2      | Noticed Natasha
  2059 | D:2      | Killed Natasha
  2233 | D:2      | Found a faded altar of an unknown god.
  2333 | D:3      | Reached *** piety under Lugonu
  2394 | D:3      | Found a runed translucent gate.
  2397 | D:3      | Found a runed translucent gate.
  2398 | D:3      | Found a runed translucent gate.
  2399 | D:3      | Noticed xian's ghost (amateur DsWn)
  2686 | D:3      | Reached XP level 6. HP: 34/49 MP: 8/8
  3016 | D:3      | Found a basalt altar of Yredelemnul.
  3018 | D:3      | Found a hazy altar of Hepliaklqana.
  3020 | D:3      | Found a shadowy altar of Dithmenos.
  3155 | D:4      | Noticed Grinder
  3173 | D:4      | Paralysed by Grinder for 3 turns
  3203 | D:4      | Killed Grinder
  3204 | D:4      | Reached skill level 4 in Invocations
  3204 | D:4      | Gained mutation: You are mostly covered in sharp spines.
                  | [demonic ancestry]
  3204 | D:4      | Reached XP level 7. HP: 19/56 MP: 8/10
  3654 | D:4      | Noticed Eustachio
  3691 | D:4      | Killed Eustachio
  3692 | D:4      | Reached skill level 5 in Short Blades
  3692 | D:4      | Reached skill level 5 in Invocations
  4429 | D:4      | Found a runed translucent door.
  4430 | D:4      | Noticed Crazy Yiuf
  4436 | D:4      | Killed Crazy Yiuf
  4648 | D:5      | Entered Level 5 of the Dungeon
  4684 | D:5      | Found a stormy altar of Qazlal.
  4820 | D:5      | Gained mutation: You are mostly covered in rugged brown
                  | scales. (AC +2, +5% HP) [demonic ancestry]
  4820 | D:5      | Reached XP level 8. HP: 56/64 MP: 12/12
  4926 | D:5      | Found a bloodstained altar of Trog.
  4941 | D:5      | Noticed Edmund
  4947 | D:5      | Reached skill level 5 in Fighting
  4980 | D:5      | Killed Edmund
  5246 | D:5      | Identified the ring "Nyingup" {rPois rF- Will+ rCorr Str-4}
  5262 | D:5      | Found an ornate altar of the Wu Jian Council.
  5274 | D:5      | Found an ancient bone altar of Kikubaaqudgha.
  5384 | D:5      | Found a staircase to the Ecumenical Temple.
  5434 | D:5      | Reached skill level 6 in Invocations
  5530 | D:5      | Found a runed translucent door.
  5531 | D:5      | Noticed cdecastro's ghost (novice OgBe)
  5573 | D:5      | Killed cdecastro's ghost
  5574 | D:5      | Reached skill level 5 in Armour
  6195 | D:6      | Noticed Prince Ribbit
  6211 | D:6      | Reached XP level 9. HP: 40/71 MP: 14/14
  6214 | D:6      | Killed Prince Ribbit
  6215 | D:6      | Reached skill level 7 in Invocations
  6425 | D:6      | Noticed Maggie
  6434 | D:6      | Noticed Blork the orc
  6435 | D:6      | Banished Maggie
  6437 | D:6      | Banished Blork the orc
  6630 | D:6      | Found a glowing drain.
  6639 | Sewer    | Entered a sewer
  6947 | Sewer    | Reached **** piety under Lugonu
  7321 | D:6      | Noticed Menkaure
  7332 | D:6      | HP: 2/71 [Menkaure (10)]
  7524 | D:6      | Killed Menkaure
  7525 | D:6      | Reached skill level 1 in Stealth
  7698 | D:6      | Noticed a komodo dragon
  7699 | D:6      | Banished a komodo dragon
  7700 | D:6      | Reached skill level 8 in Invocations
  7962 | D:7      | Reached skill level 9 in Invocations
  8618 | D:7      | Gained mutation: You have a pair of small horns on your
                  | head. [demonic ancestry]
  8618 | D:7      | Reached XP level 10. HP: 79/79 MP: 17/17
 10131 | D:8      | Reached skill level 10 in Invocations
 10143 | D:8      | Reached ***** piety under Lugonu
 10239 | D:8      | Found a shimmering altar of Xom.
 10679 | D:8      | Found a staircase to the Lair.
 10687 | D:8      | Noticed a death yak
 10688 | D:8      | Noticed a death yak
 10689 | D:8      | Noticed a death yak
 10938 | D:8      | Killed a death yak
 11570 | D:8      | Killed a death yak
 11574 | D:8      | Slain by a death yak

Illustrated notes

Levels and vault maps discovered:
D:1:      dpeg_arrival_rooms_c, layout_rooms, amethyst_killhole,
          dk_noncrumbling_4
D:2:      minmay_spotlight, layout_basic,
          hellmonk_ecumenical_altar_defaced_shrine, corexii_corridor_pit,
          minmay_pentomino_q4, uniq_natasha
D:3:      layout_loops_ring, minitemple, gammafunk_ghost_necromancy
D:4:      layout_basic, serial_forest, infiniplex_forest_lined_room_2,
          infiniplex_forest_fountain, infiniplex_forest_split,
          infiniplex_forest_lined_2, infiniplex_forest_clump_cross,
          infiniplex_forest_pool, infiniplex_forest_clump_double,
          infiniplex_forest_clump_C, infiniplex_forest_lined_ring,
          ebering_dispersal_statue_hall, uniq_crazy_yiuf_cottage,
          uniq_eustachio, uniq_grinder
D:5:      layout_basic, mainiacjoe_overflow_catwalk_spiral,
          mainiacjoe_overflow_alcove_4,
          mainiacjoe_overflow_concentric_impassable,
          minmay_temple_entry_sparse_star, ebering_ghost_reflecting_pool,
          uniq_edmund
D:6:      layout_basic, cheibrodos_sewer_entry_bend, minmay_misc_feat_pillars,
          minmay_three_doors, uniq_blork_the_orc, uniq_menkaure, uniq_maggie,
          uniq_prince_ribbit1
D:7:      layout_layer_cave
D:8:      layout_basic, xom_confusion_cloud, dpeg_lair_monsters

Skill      XL: |  1  2  3  4  5  6  7  8  9 10 |
---------------+-------------------------------+-----
Short Blades   | 2 3 4 5 6 7 |  7.6
Armour         | 2 3 4 5 7 8 |  8.5
Fighting       | 4 5 6 |  6.5
Throwing       | 1 2 4 |  4.2
Dodging        | 1 2 3 |  3.0
Invocations    | 3 4 5 6 9 10 | 10.8
Stealth        | 1 |  1.1

Action                   |  1- 3 |  4- 6 |  7- 9 | 10-12 || total
-------------------------+-------+-------+-------+-------++-------
Melee: Short sword       |    68 |   175 |   423 |    28 ||   694
       Punch             |     1 |     7 |    10 |     3 ||    21
       Dagger            |       |       |       |   216 ||   216
       Headbutt          |       |       |       |    56 ||    56
Throw: Dart              |     8 |     1 |    25 |    42 ||    76
Invok: Depart the Abyss  |     1 |       |       |       ||     1
       Banish            |       |       |     3 |     3 ||     6
  Use: Potion            |     2 |       |     1 |       ||     3
       Scroll            |     1 |     2 |     6 |     3 ||    12
Armor: Chain mail        |    49 |    83 |   163 |    89 ||   384
Dodge: Dodged            |    28 |    49 |   105 |    75 ||   257
